 Dungeon Crawl Stone Soup version 0.28-a0-1356-g2ad6d04315 (webtiles) character file.

Game seed: 15015417809844633054

174 frimble the Slasher (level 5, -3/41 HPs)
             Began as a Demonspawn Warper on Dec 31, 2021.
             Slain by Sigmund (7 damage)
             ... on level 4 of the Dungeon.
             The game lasted 00:03:53 (4081 turns).

frimble the Slasher (Demonspawn Warper)             Turns: 4081, Time: 00:03:54

Health: -3/41      AC:  3    Str: 11    XL:     5   Next: 28%
Magic:  2/2        EV: 12    Int: 16    God:
Gold:   133        SH:  4    Dex: 13    Spells: 8/8 levels left

rFire   . . .      SeeInvis .   k - +3 dagger (antimagic)
rCold   . . .      Faith    .   (no shield)
rNeg    . . .      Spirit   .   b - +0 leather armour
rPois   .          Reflect  .   (helmet restricted)
rElec   .          Harm     .   (no cloak)
rCorr   .          Rampage  .   (no gloves)
Will    .....                   (no boots)
Stlth   +.........              (no amulet)
HPRegen 0.13/turn               (no ring)
MPRegen 0.08/turn               (no ring)

@: no status effects
A: antennae 2, large bone plates 1
a: no special abilities


You were on level 4 of the Dungeon.
You visited 1 branch of the dungeon, and saw 4 of its levels.

You collected 133 gold pieces.

Inventory:

Hand Weapons
 a - a +0 falchion
 k - a +3 antimagic dagger (weapon)
Armour
 b - a +0 leather armour (worn)
Scrolls
 f - a scroll of identify
 h - a scroll of magic mapping
Potions
 i - a potion of resistance
 j - a potion of cancellation


   Skills:
 + Level 3.1 Fighting
 + Level 0.0(2.2) Short Blades
 - Level 3.7 Long Blades
 - Level 0.8 Throwing
 - Level 0.8 Armour
 - Level 3.0 Dodging
 + Level 0.0 Stealth
 - Level 2.0 Spellcasting
 - Level 2.6 Translocations


You had 8 spell levels left.
You didn't know any spells.
Your spell library contained the following spells:

 Spells                   Type           Power      Damage    Failure   Level
 Blink                    Tloc           20%        N/A       14%         2
 Gell's Gravitas          Tloc           10%        N/A       26%         3
 Lesser Beckoning         Tloc           10%        N/A       26%         3
 Teleport Other           Tloc           10%        N/A       26%         3
 Manifold Assault         Tloc           10%        N/A       94%         5


Dungeon Overview and Level Annotations

Branches:
Dungeon (4/15)
 Temple: D:4-7

Altars:

Shops:
D:1 (

Annotations:
D:4 Sigmund


Innate Abilities, Weirdness & Mutations

You have a pair of antennae on your head.
You are partially covered in large bone plates. (SH +4)


Message History

Sigmund shouts!
Sigmund is nearby!
Sigmund is nearby!
Sigmund gestures wildly while chanting.
Sigmund flickers and vanishes!
Deactivating autopickup; reactivate with Ctrl-A.
No target in view!
No target in view!
No target in view!
No target in view!
No target in view!
No target in view!
You hit something. Something hits you!
You hit something. You hit something. Something hits you.
You hit something but do no damage. You completely miss something.
Something barely misses you.
You miss something. Something hits you.
You barely miss something.
Your leather armour prevents you from hitting something.
Something hits you.
You barely miss something. You closely miss something.
Something hits you but does no damage.
You closely miss something. Something hits you!
* * * LOW HITPOINT WARNING * * *
You hit something. You hit something. Something hits you.
* * * LOW HITPOINT WARNING * * *
You hit something. You closely miss something. Something hits you.
* * * LOW HITPOINT WARNING * * *
Okay, then.
Unknown command.
Okay, then.
You aren't carrying any items that you can evoke.
You don't know any spells.
Sorry, you're not good enough to have a special ability.
You hit something but do no damage. You hit something. Something hits you!
You die...

+....# #....# #....#
######....#
#...##...#.....#
..........#....########
......................#
#..#######..#########.#
##..#)..........@{...#.#
#...##...........#...#.#
##..#.........#[## ###.##
##..#..######.### #PP..#
....#. ... #PP..# ....#{
.... #PP..#
....################....#
###.....................#
...#.####.##.#####......#


There were no monsters in sight!

Vanquished Creatures
  A water moccasin (D:3)
  An adder (D:2)
  A worm (D:2)
  2 dart slugs
  3 orcs
  4 bats
  3 endoplasms
  3 giant cockroaches
  4 goblins
  6 hobgoblins
  3 quokkas
  8 ball pythons
  2 frilled lizards (D:1)
  4 kobolds
  6 rats
51 creatures vanquished.

Notes
Turn   | Place    | Note
-------+----------+-------------------------------------------
     0 | D:1      | frimble the Demonspawn Warper began the quest for the Orb.
     0 | D:1      | Reached XP level 1. HP: 16/16 MP: 3/3
   685 | D:1      | Gained mutation: You have a pair of small antennae on your
                  | head. [demonic ancestry]
   685 | D:1      | Reached XP level 2. HP: 20/22 MP: 5/5
   820 | D:1      | Found Kysai's Antique Weapon Shoppe.
  1255 | D:1      | Found a faded altar of an unknown god.
  1917 | D:1      | Gained mutation: You are partially covered in large bone
                  | plates. (SH +4) [demonic ancestry]
  1917 | D:1      | Reached XP level 3. HP: 27/27 MP: 6/6
  3220 | D:3      | Noticed a water moccasin
  3240 | D:3      | Killed a water moccasin
  3241 | D:3      | Gained mutation: You have a pair of antennae on your head.
                  | [demonic ancestry]
  3241 | D:3      | Reached XP level 4. HP: 9/35 MP: 7/7
  3241 | D:3      | Reached XP level 5. HP: 10/41 MP: 8/8
  3247 | D:3      | HP: 2/41 [poisoned by a water moccasin]
  4061 | D:4      | Noticed Sigmund
  4081 | D:4      | Slain by Sigmund

Illustrated notes

Levels and vault maps discovered:
D:1:      matt_arrival_spirals, layout_basic, serial_shops, shop,
          nicolae_ecumenical_snake_handling
D:2:      layout_rooms, minivault_4, minmay_misc_feat_four_crosses
D:3:      layout_basic, hangedman_decor_push
D:4:      layout_gridville, zin_academy, sigmund_edmund_badplayer, uniq_sigmund

Skill      XL: |  1  2  3 |
---------------+----------+-----
Long Blades    | 2 3 |  3.7
Dodging        | 2 3 |  3.0
Fighting       | 3 |  3.1
Throwing       | |  0.8
Armour         | |  0.8
Spellcasting   | |  2.0
Translocations | |  2.6

Action                   |  1- 3 |  4- 6 || total
-------------------------+-------+-------++-------
Melee: Falchion          |   185 |     7 ||   192
       Dagger            |       |    37 ||    37
Throw: Boomerang         |       |     5 ||     5
Evoke: Wand              |     5 |       ||     5
  Use: Scroll            |     5 |     2 ||     7
       Potion            |     1 |     1 ||     2
 Stab: Paralysed         |     9 |       ||     9
       Sleeping          |     1 |       ||     1
Armor: Leather armour    |    51 |     5 ||    56
Dodge: Dodged            |   118 |    13 ||   131
Block: Other             |    17 |     4 ||    21

Table legend: (Time is in decaauts)
 A = Elapsed time spent in this place.
 B = Non-inter-level travel time spent in this place.
 C = Inter-level travel time spent in this place.
 D = Time resting spent in this place.
 E = Time spent auto-exploring this place.
 F = Levels seen in this place.
 G = Mean time per level.
                   A        B        C        D        E       F      G
               +--------+--------+--------+--------+--------+-----+--------+
         Total |   4112 |   4087 |     25 |    821 |   2647 |   4 | 1028.0 |
       Dungeon |   4112 |   4087 |     25 |    821 |   2647 |   4 | 1028.0 |
               +--------+--------+--------+--------+--------+-----+--------+

Top non-repeatable levels by time:
     D:1: 1966 daAuts
     D:2: 1080 daAuts
     D:3: 709 daAuts
     D:4: 356 daAuts
